PAAA
PLYMOUTH ROCKS @ ROYSE CITY TARGARYENS
08/29/2029
 
TOP OF THE 1ST
Plymouth Rocks batting - Pitching for Royse City Targaryens : RHP Joe Pruitt
Pitching: RHP Joe Pruitt
Batting: LHB José Castillo 0-0: Ball
1-0: SOLO HOME RUN (Flyball, 9LD), Distance : 328 ft
Batting: SHB Roku Hara 0-0: Called Strike
0-1: SINGLE (Line Drive, 3D)
Batting: SHB Javier Vega 0-0: Foul Ball, location: 2F
0-1: Fly out, F8 (Flyball, 8LM)
Batting: RHB Ernesto Trevino 0-0: Called Strike
0-1: Ball
1-1: Fly out, F7 (Flyball, 7)
Batting: RHB Chris Teague 0-0: Ball
1-0: Foul Ball, location: 2F
1-1: Called Strike
1-2: Strikes out swinging
Top of the 1st over - 1 run, 2 hits, 0 errors, 1 left on base; Plymouth 1 - Royse City 0
BOTTOM OF THE 1ST
Royse City Targaryens batting - Pitching for Plymouth Rocks : LHP Zalontae Hillary
Pitching: LHP Zalontae Hillary
Batting: RHB Javier Chávez 0-0: SOLO HOME RUN (Line Drive, 9LD), Distance : 338 ft
Batting: LHB Gonzalo Álvarez 0-0: Foul Ball, location: 2F
0-1: Foul Ball, location: 2F
0-2: Foul Ball, location: 2F
0-2: Fly out, F8 (Flyball, 8LD)
Batting: LHB Colin Worthington 0-0: Ball
1-0: Ball
2-0: Ball
3-0: Base on Balls
Batting: SHB Miguel Herrera 0-0: Ball
1-0: Called Strike
1-1: Ball
2-1: Foul Ball, location: 2F
2-2: Strikes out swinging
Batting: RHB Felipe Campos 0-0: Called Strike
0-1: Ball
1-1: Foul Ball, location: 2F
1-2: Strikes out swinging
Bottom of the 1st over - 1 run, 1 hit, 0 errors, 1 left on base; Plymouth 1 - Royse City 1
TOP OF THE 2ND
Plymouth Rocks batting - Pitching for Royse City Targaryens : RHP Joe Pruitt
Batting: RHB Arturo Maldonado 0-0: Ground out 6-3 (Groundball, 6)
Batting: SHB Arnold Griffith 0-0: Ball
1-0: Ball
2-0: Ball
3-0: Foul Ball, location: 2F
3-1: Called Strike
3-2: Base on Balls
Batting: RHB Andrew Weeks 0-0: Called Strike
0-1: Grounds into double play, 6-4-3 (Groundball, 6)
Top of the 2nd over - 0 runs, 0 hits, 0 errors, 0 left on base; Plymouth 1 - Royse City 1
BOTTOM OF THE 2ND
Royse City Targaryens batting - Pitching for Plymouth Rocks : LHP Zalontae Hillary
Batting: RHB Bryant Skelly 0-0: Ball
1-0: Called Strike
1-1: Foul Ball, location: 2F
1-2: SINGLE (Groundball, 56D)
Batting: RHB Albert Covington 0-0: Called Strike
0-1: Swinging Strike
0-2: Ground out 4-3 (Groundball, 34)
Bryant Skelly to second
Batting: RHB Rob Berry 0-0: Ball
1-0: Called Strike
1-1: SINGLE (Groundball, 34) (infield hit)
Bryant Skelly to third
Batting: RHB Fokke Willemsen 0-0: Ball
1-0: Called Strike
1-1: Ball
2-1: Ball
3-1: Grounds into double play, 6-4-3 (Groundball, 6)
Bottom of the 2nd over - 0 runs, 2 hits, 0 errors, 1 left on base; Plymouth 1 - Royse City 1
TOP OF THE 3RD
Plymouth Rocks batting - Pitching for Royse City Targaryens : RHP Joe Pruitt
Batting: RHB Hubert Dodson 0-0: Ball
1-0: Foul Ball, location: 2F
1-1: Ball
2-1: Foul Ball, location: 2F
2-2: Ground out 4-3 (Groundball, 4)
Batting: LHB José Castillo 0-0: Called Strike
0-1: Ball
1-1: DOUBLE (Groundball, 3L)
Batting: SHB Roku Hara 0-0: Ball
1-0: Called Strike
1-1: Ground out 5-3 (Groundball, 56)
Batting: SHB Javier Vega 0-0: Ball
1-0: Called Strike
1-1: Called Strike
1-2: Ball
2-2: Ground out 5-3 (Groundball, 56S)
Top of the 3rd over - 0 runs, 1 hit, 0 errors, 1 left on base; Plymouth 1 - Royse City 1
BOTTOM OF THE 3RD
Royse City Targaryens batting - Pitching for Plymouth Rocks : LHP Zalontae Hillary
Batting: RHB Javier Chávez 0-0: Foul Ball, location: 2F
0-1: Ball
1-1: Called Strike
1-2: Ground out 3-1 (Groundball, 34S)
Batting: LHB Gonzalo Álvarez 0-0: Called Strike
0-1: Fly out, F6 (Popup, 6M)
Batting: LHB Colin Worthington 0-0: Ball
1-0: Called Strike
1-1: Foul Ball, location: 2F
1-2: Ground out 6-3 (Groundball, 6)
Bottom of the 3rd over - 0 runs, 0 hits, 0 errors, 0 left on base; Plymouth 1 - Royse City 1
TOP OF THE 4TH
Plymouth Rocks batting - Pitching for Royse City Targaryens : RHP Joe Pruitt
Batting: RHB Ernesto Trevino 0-0: Ball
1-0: Called Strike
1-1: Foul Ball, location: 2F
1-2: Strikes out looking
Batting: RHB Chris Teague 0-0: Ball
1-0: Ball
2-0: Fly out, F7 (Flyball, 7LS)
Batting: RHB Arturo Maldonado 0-0: Ball
1-0: Ball
2-0: Ball
3-0: Swinging Strike
3-1: Foul Ball, location: 2F
3-2: Base on Balls
Batting: SHB Arnold Griffith 0-0: Called Strike
0-1: Ball
Arturo Maldonado steals 2nd base
1-1: SINGLE (Groundball, 34D)
Arturo Maldonado to third
Runner from 3rd tries for Home, SAFE, throw made home
Batting: RHB Andrew Weeks 0-0: SINGLE (Line Drive, 56D)
Arnold Griffith to second
Batting: RHB Hubert Dodson 0-0: Foul Ball, location: 2F
0-1: Ball
1-1: Fielders Choice at 2nd, 6-4 (Groundball, 6)
Top of the 4th over - 1 run, 2 hits, 0 errors, 2 left on base; Plymouth 2 - Royse City 1
BOTTOM OF THE 4TH
Royse City Targaryens batting - Pitching for Plymouth Rocks : LHP Zalontae Hillary
Batting: SHB Miguel Herrera 0-0: Ball
1-0: Foul Ball, location: 2F
1-1: Foul Ball, location: 2F
1-2: Foul Ball, location: 2F
1-2: SINGLE (Line Drive, 6MD)
Batting: RHB Felipe Campos 0-0: Foul Ball, location: 2F
0-1: Grounds into double play, 5-4-3 (Groundball, 56)
Batting: RHB Bryant Skelly 0-0: Ball
1-0: Swinging Strike
1-1: Ground out 5-3 (Groundball, 56)
Bottom of the 4th over - 0 runs, 1 hit, 0 errors, 0 left on base; Plymouth 2 - Royse City 1
TOP OF THE 5TH
Plymouth Rocks batting - Pitching for Royse City Targaryens : RHP Joe Pruitt
Batting: LHB José Castillo 0-0: Ball
1-0: SINGLE (Line Drive, 8RS)
Batting: SHB Roku Hara 0-0: Ball
1-0: SINGLE (Flyball, 89S)
José Castillo to second
Runner from 2nd tries for 3rd, SAFE, no throw
Batting: SHB Javier Vega 0-0: Called Strike
0-1: Ball
1-1: Swinging Strike
1-2: Foul Ball, location: 2F
Balk!
José Castillo scores
Roku Hara to second
1-2: Foul Ball, location: 2F
1-2: Ball
2-2: Foul Ball, location: 2F
2-2: Fly out, F7 (Flyball, 7S)
Batting: RHB Ernesto Trevino 0-0: SINGLE (Groundball, 6S) (infield hit)
Roku Hara to third
Batting: RHB Chris Teague 0-0: Fly out, F7 (Flyball, 7LSF)
Runner from 3rd tags up, SCORES, no throw
Batting: RHB Arturo Maldonado 0-0: Ball
1-0: 2-RUN HOME RUN (Flyball, 78D), Distance : 388 ft
Batting: SHB Arnold Griffith 0-0: Ground out 6-3 (Groundball, 6)
Top of the 5th over - 4 runs, 4 hits, 0 errors, 0 left on base; Plymouth 6 - Royse City 1
BOTTOM OF THE 5TH
Royse City Targaryens batting - Pitching for Plymouth Rocks : LHP Zalontae Hillary
Batting: RHB Albert Covington 0-0: Ball
1-0: Foul Ball, location: 2F
1-1: Swinging Strike
1-2: Ball
2-2: Strikes out swinging
Batting: RHB Rob Berry 0-0: Ground out 6-3 (Groundball, 6)
Batting: RHB Fokke Willemsen 0-0: Swinging Strike
0-1: SINGLE (Groundball, 6D)
Batting: RHB Javier Chávez 0-0: Ball
1-0: Ball
2-0: Ball
3-0: Called Strike
3-1: Fly out, F9 (Flyball, 89M)
Bottom of the 5th over - 0 runs, 1 hit, 0 errors, 1 left on base; Plymouth 6 - Royse City 1
TOP OF THE 6TH
Plymouth Rocks batting - Pitching for Royse City Targaryens : RHP Joe Pruitt
Pitching: RHP Cordell Wilson
Batting: RHB Andrew Weeks 0-0: Ball
1-0: Ground out 1-3 (Groundball, P)
Batting: RHB Hubert Dodson 0-0: Foul Ball, location: 2F
0-1: Foul Ball, location: 2F
0-2: Ground out 6-3 (Groundball, 6)
Batting: LHB José Castillo 0-0: Called Strike
0-1: Foul Ball, location: 2F
0-2: Ball
1-2: Ball
2-2: Ball
3-2: SINGLE (Groundball, 4MD)
Batting: SHB Roku Hara 0-0: Ball
1-0: Ball
2-0: Called Strike
2-1: Swinging Strike
2-2: Ball
3-2: Ground out 5-3 (Groundball, 5L)
Top of the 6th over - 0 runs, 1 hit, 0 errors, 1 left on base; Plymouth 6 - Royse City 1
BOTTOM OF THE 6TH
Royse City Targaryens batting - Pitching for Plymouth Rocks : LHP Zalontae Hillary
Batting: LHB Gonzalo Álvarez 0-0: Called Strike
0-1: Ball
1-1: Ball
2-1: Ball
3-1: Base on Balls
Batting: LHB Colin Worthington 0-0: Ball
Wild Pitch!
Gonzalo Álvarez to second
1-0: Ball
2-0: Ball
3-0: Called Strike
3-1: Foul Ball, location: 2F
3-2: Ground out 6-3 (Groundball, 6)
Batting: SHB Miguel Herrera 0-0: Called Strike
0-1: Ball
1-1: Ground out 6-3 (Groundball, 6)
Batting: RHB Felipe Campos 0-0: Ball
1-0: Ball
2-0: Ball
3-0: Base on Balls
Batting: RHB Bryant Skelly 0-0: Ball
1-0: DOUBLE (Line Drive, 7LD)
Gonzalo Álvarez scores
Felipe Campos to third
Batting: RHB Albert Covington 0-0: Swinging Strike
0-1: Called Strike
0-2: Foul Ball, location: 2F
0-2: SINGLE (Line Drive, 6M)
Felipe Campos scores
Bryant Skelly to third
Runner from 3rd tries for Home, SAFE, no throw
Batting: RHB Rob Berry 0-0: Ball
1-0: Called Strike
1-1: Ball
Balk!
Albert Covington to second
2-1: Foul Ball, location: 2F
2-2: Strikes out looking
Bottom of the 6th over - 3 runs, 2 hits, 0 errors, 1 left on base; Plymouth 6 - Royse City 4
TOP OF THE 7TH
Plymouth Rocks batting - Pitching for Royse City Targaryens : RHP Cordell Wilson
Batting: SHB Javier Vega 0-0: Ball
1-0: Swinging Strike
1-1: Fly out, F7 (Flyball, 78D)
Batting: RHB Ernesto Trevino 0-0: Ball
1-0: Ball
2-0: Called Strike
2-1: Ball
3-1: Fly out, F6 (Popup, 6M)
Batting: RHB Chris Teague 0-0: Ground out 5-3 (Groundball, 56S)
Top of the 7th over - 0 runs, 0 hits, 0 errors, 0 left on base; Plymouth 6 - Royse City 4
BOTTOM OF THE 7TH
Royse City Targaryens batting - Pitching for Plymouth Rocks : LHP Zalontae Hillary
Batting: RHB Fokke Willemsen 0-0: Ball
1-0: Called Strike
1-1: Foul Ball, location: 2F
1-2: Foul Ball, location: 2F
1-2: Ball
2-2: SINGLE (Groundball, 4M) (infield hit)
Pinch Runner at 1st Jeff Lawson:
Batting: RHB Javier Chávez 0-0: Called Strike
Jeff Lawson steals 2nd base
0-1: Ball
1-1: SINGLE (Flyball, 7S)
Jeff Lawson to third
Runner from 3rd tries for Home, SAFE, no throw
Batting: LHB Gonzalo Álvarez 0-0: Ball
1-0: Swinging Strike
1-1: SINGLE (Groundball, 6D)
Javier Chávez to second
Batting: LHB Colin Worthington 0-0: Foul Ball, location: 2F
0-1: Foul Ball, location: 2F
0-2: Fly out, F6 (Popup, 6)
Batting: SHB Miguel Herrera 0-0: Ball
Javier Chávez is caught stealing 3rd base
1-0: Called Strike
1-1: Called Strike
1-2: Foul Ball, location: 2F
1-2: Ball
2-2: Ball
Gonzalo Álvarez steals 2nd base
3-2: Foul Ball, location: 2F
3-2: SINGLE (Groundball, 56D)
Gonzalo Álvarez to third
Gonzalo Álvarez scores
Pitching: LHP Luis Arreola
Batting: RHB Felipe Campos 0-0: Foul Ball, location: 2F
0-1: SINGLE (Flyball, 34D)
Miguel Herrera to second
Runner from 2nd tries for 3rd, SAFE, no throw
Batting: RHB Bryant Skelly 0-0: Swinging Strike
0-1: Fly out, F5 (Popup, 15)
Bottom of the 7th over - 2 runs, 5 hits, 0 errors, 2 left on base; Plymouth 6 - Royse City 6
TOP OF THE 8TH
Plymouth Rocks batting - Pitching for Royse City Targaryens : RHP Cordell Wilson
Pinch Hitting: LHB Carlos Álvarez 0-0: Fly out, F8 (Flyball, 8RD)
Batting: SHB Arnold Griffith 0-0: Ground out U3 (Groundball, 3)
Batting: RHB Andrew Weeks 0-0: Ball
1-0: Called Strike
1-1: Called Strike
1-2: Ground out 3-1 (Groundball, 34)
Top of the 8th over - 0 runs, 0 hits, 0 errors, 0 left on base; Plymouth 6 - Royse City 6
BOTTOM OF THE 8TH
Royse City Targaryens batting - Pitching for Plymouth Rocks : LHP Luis Arreola
Now in LF: Carlos Álvarez
Batting: RHB Albert Covington 0-0: Fly out, F6 (Line Drive, 6M)
Batting: RHB Rob Berry 0-0: Fly out, F8 (Flyball, 8RM)
Batting: LHB Jeff Lawson 0-0: Called Strike
0-1: Ball
1-1: Ball
2-1: Ground out 3-1 (Groundball, 34)
Bottom of the 8th over - 0 runs, 0 hits, 0 errors, 0 left on base; Plymouth 6 - Royse City 6
TOP OF THE 9TH
Plymouth Rocks batting - Pitching for Royse City Targaryens : RHP Cordell Wilson
Pitching: RHP Frank Castle
Batting: RHB Hubert Dodson 0-0: Called Strike
0-1: Ball
1-1: Called Strike
1-2: Strikes out swinging
Batting: LHB José Castillo 0-0: Ball
1-0: Foul Ball, location: 2F
1-1: Ball
2-1: Ball
3-1: Base on Balls
Batting: SHB Roku Hara 0-0: Called Strike
0-1: Called Strike
0-2: Ball
1-2: Ball
2-2: SINGLE (Flyball, 78M)
José Castillo to second
Batting: SHB Javier Vega 0-0: Fly out, F9 (Flyball, 9LM)
Runner from 2nd tags up, SAFE at 3rd with throw
Batting: RHB Ernesto Trevino 0-0: Called Strike
0-1: Called Strike
0-2: Strikes out looking
Top of the 9th over - 0 runs, 1 hit, 0 errors, 2 left on base; Plymouth 6 - Royse City 6
BOTTOM OF THE 9TH
Royse City Targaryens batting - Pitching for Plymouth Rocks : LHP Luis Arreola
Pitching: LHP Roberto Aguirre
Batting: RHB Javier Chávez 0-0: Ball
1-0: Ground out U3 (Groundball, 34S)
Batting: LHB Gonzalo Álvarez 0-0: Ball
1-0: Ball
2-0: Foul Ball, location: 2F
2-1: SOLO HOME RUN (Flyball, 8LXD), Distance : 426 ft
Tuesday, December 19th, 2017 - OOTP Baseball 18.8 Build 76